 Dungeon Crawl Stone Soup version 0.22-a0-48-g8770677 (webtiles) character file.

237 gmonis the Firebug (level 6, 0/32 HPs)
             Began as a Gargoyle Fire Elementalist on Jan 7, 2018.
             Slain by an orc wizard
             ... wielding a +0 dagger
              (1 damage)
             ... on level 2 of the Dungeon.
             The game lasted 00:18:54 (2907 turns).

gmonis the Firebug (Gargoyle Fire Elementalist)     Turns: 2907, Time: 00:18:55

Health: 0/32       AC:  6    Str: 12    XL:     6   Next: 6%
Magic:  7/11       EV: 12    Int: 17    God:
Gold:   133        SH:  0    Dex: 10    Spells: 3/11 levels left

rFire    + . .     SeeInvis .   (no weapon)
rCold    . . .     Gourm    .   (no shield)
rNeg     + . .     Faith    .   a - +0 robe
rPois    ∞         Spirit   .   (no helmet)
rElec    +         Reflect  .   (no cloak)
rCorr    .         Harm     .   (no gloves)
MR       .....                  (no boots)
Stlth    ++........             (no amulet)
HPRegen  0.10/turn              i - ring of protection from fire
MPRegen  0.12/turn              (no ring)

@: no status effects
A: negative energy resistance 1, electricity resistance, unbreathing,
petrification resistance, rot immunity, AC +4
a: no special abilities


You were on level 2 of the Dungeon.
You were near starving.

You visited 1 branch of the dungeon, and saw 3 of its levels.

You collected 133 gold pieces.

Inventory:

Missiles
 f - 26 stones (quivered)
Armour
 a - a +0 robe (worn)
Jewellery
 i - a ring of protection from fire (left hand)
Scrolls
 d - 3 scrolls of identify {unknown}
 e - a scroll of immolation {unknown}
 j - a scroll of remove curse {unknown}
 k - 2 scrolls of teleportation {unknown}
Potions
 g - a potion of haste {unknown}
 h - 2 potions of flight {unknown}
 l - a potion of mutation {unknown}
 n - a potion of lignification {unknown}
Books
 b - a book of Flames

   Spells                             Type                      Level
   a - Flame Tongue                   Conjuration/Fire             1
   b - Throw Flame                    Conjuration/Fire             2
   c - Conjure Flame                  Conjuration/Fire             3
   d - Inner Flame                    Hexes/Fire                   3
   e - Sticky Flame                   Conjuration/Fire             4
   f - Fireball                       Conjuration/Fire             5
 m - a book of Misfortune

   Spells                             Type                      Level
   a - Confusing Touch                Hexes                        1
   b - Confuse                        Hexes                        3
   c - Gell's Gravitas                Translocation                3
   d - Petrify                        Transmutation/Earth          4
   e - Metabolic Englaciation         Hexes/Ice                    5
   f - Yara's Violent Unravelling     Hexes/Transmutation          5
Comestibles
 c - 4 rations


   Skills:
 - Level 1.9 Dodging
 - Level 2.3 Stealth
 - Level 0.1 Unarmed Combat
 + Level 3.3 Spellcasting
 * Level 3.3 Conjurations
 * Level 4.6 Fire Magic


You had 3 spell levels left.
You knew the following spells:

 Your Spells              Type           Power        Failure   Level  Hunger
a - Flame Tongue          Conj/Fire      ###..        3%          1    None
b - Conjure Flame         Conj/Fire      ###.....     10%         3    ###....
c - Sticky Flame          Conj/Fire      ###.....     32%         4    ####...


Dungeon Overview and Level Annotations

Branches:
Dungeon (3/15)

Altars:
Elyvilon


Innate Abilities, Weirdness & Mutations

You are resistant to torment.
Your stone body is resilient. (AC +4)
You are immune to poison.
You resist negative energy. (rN+)
You are resistant to electric shocks. (rElec)
You can survive without breathing.
You are immune to petrification.
You are immune to rotting.


Message History

You hit the orc wizard but do no damage.
The orc wizard is moderately wounded.
The orc wizard closely misses you.
You closely miss the orc wizard.
The orc wizard is moderately wounded.
The orc wizard hits you with a dagger.
* * * LOW HITPOINT WARNING * * *
Your magical contamination has completely faded away.
You miss the orc wizard.
The orc wizard is moderately wounded.
The orc wizard points at you and mumbles some strange words.
The puff of flame hits you! You resist.
* * * LOW HITPOINT WARNING * * *
You closely miss the orc wizard.
The orc wizard is moderately wounded.
The orc wizard closely misses you.
You hit the orc wizard.
The orc wizard is moderately wounded.
The orc wizard hits you with a dagger.
You die...

..................# #.#
.......†.........<# #.#
#+#...............# #.#
..#...............# #.#
..................# #.#
.....#################.#
.....# #.............#
.....# #.#############
.....# #.#####@..#
.....# #....>o.#.#
..################.#
..........# #....###
..........# #.#....#
..........# ###.#.##.#
..........# #.....##.#
..).......# #.#.####.#
..........# #.#......#


You could see an orc wizard.

Vanquished Creatures
  A bullfrog (D:2)
  Natasha (D:3)
  A worker ant (D:3)
  5 adders
  4 worms
  6 dart slugs
  A leopard gecko (D:1)
  3 orcs (D:3)
  5 bats
  4 giant cockroaches
  4 goblins
  6 hobgoblins
  5 jackals (D:2)
  6 kobolds
  2 frilled lizards (D:2)
  5 rats
59 creatures vanquished.

Notes
Turn   | Place    | Note
-------+----------+-------------------------------------------
     0 | D:1      | gmonis the Gargoyle Fire Elementalist began the quest for the Orb.
     0 | D:1      | Reached XP level 1. HP: 10/10 MP: 3/3
   178 | D:1      | Reached XP level 2. HP: 15/15 MP: 0/5
   719 | D:1      | Reached XP level 3. HP: 19/19 MP: 0/6
   789 | D:1      | Learned a level 3 spell: Conjure Flame
  1247 | D:2      | Reached XP level 4. HP: 24/24 MP: 4/7
  1347 | D:2      | Found a faded altar of an unknown god.
  1359 | D:2      | Found a white marble altar of Elyvilon.
  1471 | D:2      | Reached skill level 4 in Fire Magic
  2264 | D:3      | Reached XP level 5. HP: 24/28 MP: 5/9
  2360 | D:3      | Learned a level 4 spell: Sticky Flame
  2387 | D:3      | Noticed Natasha
  2390 | D:3      | Killed Natasha
  2548 | D:2      | Reached XP level 6. HP: 5/32 MP: 4/11
  2905 | D:2      | HP: 1/32 [orc wizard/puff of flame (2)]
  2907 | D:2      | Slain by an orc wizard

Vault maps used:
D:1:      co_arrival_square_in_a_square_in_a_square
D:2:      lemuel_crystal_altar, chequers_ecumenical_altar_simple_redux
D:3:      chequers_temple_overflow_statue_of_worship, nrook_mini_vaults,
          uniq_natasha

Skill      XL: |  1  2  3  4  5 |
---------------+----------------+-----
Conjurations   | 2 3 |  3.3
Fire Magic     | 4 |  4.6
Spellcasting   | 3 |  3.3
Dodging        | |  1.9
Stealth        | |  2.3
Unarmed Combat | |  0.1

Action                   |  1- 3 |  4- 6 || total
-------------------------+-------+-------++-------
Melee: Unarmed           |    32 |    43 ||    75
 Cast: Flame Tongue      |    59 |    80 ||   139
       Conjure Flame     |       |     1 ||     1
  Eat: Chunk             |     2 |     4 ||     6
Armor: Robe              |    13 |    37 ||    50
Dodge: Dodged            |    40 |    30 ||    70

Table legend:
 A = Spawn XP
 B = Non-spawn XP
 C = Spawn XP percentage of total XP
 D = Spawn monster count
 E = Non-spawn monster count
 F = Spawn count percentage of total count
 G = Total turns spent on level
                    A         B        C        D         E        F      G
               +---------+---------+-------+---------+---------+-------+---------
         Total |       0 |     339 |   0.0 |       0 |      59 |   0.0 |  2907
               +---------+---------+-------+---------+---------+-------+---------
           D:1 |       0 |      41 |   0.0 |       0 |      18 |   0.0 |  1061
           D:2 |       0 |     179 |   0.0 |       0 |      29 |   0.0 |  1536
           D:3 |       0 |     119 |   0.0 |       0 |      12 |   0.0 |   310
               +---------+---------+-------+---------+---------+-------+---------
